[Event "African Online-ch U20-Open 2021"]
[Site "Online"]
[Date "2021.02.01"]
[Round "1.1"]
[White "Brahami, Lamine"]
[Black "Wael, Abdel Rahman"]
[Result "1-0"]
[WhiteElo "2194"]
[BlackElo "1570"]
[PlyCount "95"]
[EventDate "2021.02.01"]
[EventType "swiss"]
[EventCountry "NET"]
[TimeControl "1500+10"]
[WhiteClock "0:10:33"]
[BlackClock "0:02:44"]

1. d4 d5 2. c4 e6 3. Nf3 Nf6 4. Nc3 Be7 5. Bg5 h6 6. Bh4 b6 7. e3 Bb7 8. Rc1 Nbd7 9. cxd5 Nxd5 10. Bxe7 Nxe7 11. Nb5 Nc6 12. Bd3 a6 13. Nc3 b5 14. O-O Nb4 15. Bb1 Nd5 16. Ne4 Rc8 17. Nc5 Nxc5 18. dxc5 Bc6 19. Ne5 Ba8 20. a4 Qf6 21. f4 Rd8 22. Qb3 b4 23. a5 g5 24. Ng4 Qe7 25. f5 h5 26. f6 Qd7 27. Ne5 Qb5 28. Bg6 fxg6 29. Qc2 Rh6 30. f7+ Ke7 31. Nxg6+ Kd7 32. f8=Q Rxf8 33. Rxf8 Nxe3 34. Ne5+ Ke7 35. Rf7+ Ke8 36. Qf2 Nf5 37. Rxf5 exf5 38. Qxf5 Bd5 39. Qc8+ Ke7 40. Qxc7+ Ke6 41. Qd6+ Kf5 42. Qxd5 Re6 43. Nd7+ Kf4 44. g3+ Kg4 45. Qxe6+ Kf3 46. Qd5+ Ke2 47. Rc2+ Ke1 48. Qd2# 1-0

[Event "African Online-ch U20-Open 2021"]
[Site "Online"]
[Date "2021.02.01"]
[Round "1.2"]
[White "Oosthuizen, Michal Jacobus"]
[Black "Lutuima, Amaro"]
[Result "0-1"]
[WhiteElo "1920"]
[BlackElo "2050"]
[PlyCount "98"]
[EventDate "2021.02.01"]
[EventType "swiss"]
[EventCountry "NET"]
[TimeControl "1500+10"]
[WhiteClock "0:04:31"]
[BlackClock "0:18:45"]

1. c4 e5 2. g3 f5 3. Bg2 Nf6 4. d3 d6 5. e3 c6 6. Ne2 Be7 7. Nbc3 O-O 8. O-O Be6 9. b3 Nbd7 10. Bb2 d5 11. cxd5 cxd5 12. f4 e4 13. Nd4 Qb6 14. Re1 Rfd8 15. Na4 Qa6 16. dxe4 Nxe4 17. Bxe4 dxe4 18. Rc1 Rac8 19. Rxc8 Rxc8 20. Qe2 Qxe2 21. Rxe2 Nf8 22. Kf2 Kf7 23. Rd2 Bb4 24. Rd1 Bd7 25. a3 Ba5 26. Ba1 b5 27. Nb2 Bb6 28. Ke2 g6 29. b4 Ne6 30. Nb3 Ke7 31. Rc1 {[%emt 0:00:10] White offered a draw.} Rxc1 32. Nxc1 Nc7 33. Nd1 Be6 34. Bd4 Bc4+ 35. Kd2 Bxd4 36. exd4 Nd5 37. Ne2 Kd6 38. Ne3 Nxe3 39. Kxe3 Bxe2 40. Kxe2 Kd5 41. Ke3 h6 42. h3 h5 43. g4 hxg4 44. hxg4 fxg4 45. Kf2 Kxd4 46. Kg3 e3 47. Kxg4 e2 48. f5 gxf5+ 49. Kxf5 e1=Q {[%emt 0:00:06] #R} 0-1

[Event "African Online-ch U20-Open 2021"]
[Site "Online"]
[Date "2021.02.01"]
[Round "1.3"]
[White "Elier, Ali"]
[Black "George Samir, David"]
[Result "0-1"]
[WhiteElo "2037"]
[BlackElo "1775"]
[PlyCount "56"]
[EventDate "2021.02.01"]
[EventType "swiss"]
[EventCountry "NET"]
[TimeControl "1500+10"]
[WhiteClock "0:02:09"]
[BlackClock "0:11:58"]

{Black stopped clock for 44 seconds. Clock started by Arbiter.} 1. e4 c5 2. d4 cxd4 3. c3 dxc3 4. Nxc3 Nc6 5. Nf3 d6 6. Bc4 a6 {[%emt 0:00:01] White stopped clock for 385 seconds.} 7. O-O Nf6 8. h3 e6 9. Bf4 Be7 10. Qe2 e5 11. Be3 O-O 12. Rfd1 b5 {[%emt 0:00:40] White stopped clock for 235 seconds.} 13. Bb3 Bb7 14. Rac1 Rc8 15. a3 h6 16. Ba2 Re8 17. Nh4 b4 18. axb4 Nxb4 19. Bb3 Bf8 20. Qf3 d5 21. exd5 e4 22. Qe2 Nd3 23. Rxd3 exd3 24. Qxd3 Nxd5 25. Bc2 Nf6 26. Qf5 Qd7 27. Qa5 Rxe3 28. fxe3 Qd2 {[%emt 0:00:03] White stopped clock for 132 seconds. #T} 0-1

[Event "African Online-ch U20-Open 2021"]
[Site "Online"]
[Date "2021.02.01"]
[Round "1.4"]
[White "Shah, Darshan Samir"]
[Black "Mhango, Banele"]
[Result "0-1"]
[WhiteElo "1502"]
[BlackElo "2117"]
[PlyCount "92"]
[EventDate "2021.02.01"]
[EventType "swiss"]
[EventCountry "NET"]
[TimeControl "1500+10"]
[WhiteClock "0:00:53"]
[BlackClock "0:13:14"]

{White stopped clock for 101 seconds. Clock started by Arbiter.} 1. Nf3 Nf6 2. d4 g6 3. Nbd2 d5 4. b4 Bg7 5. e3 O-O 6. c4 c6 7. a4 Bg4 8. Bb2 Nbd7 9. h3 Bxf3 10. Nxf3 a5 11. b5 c5 12. Bd3 dxc4 13. Bxc4 Rc8 14. d5 Nb6 15. Ba2 Nfxd5 16. Bxg7 Kxg7 17. Qc2 Qd6 18. O-O Nb4 19. Qb2+ Qf6 20. Qxf6+ Kxf6 21. Rfd1 Rfd8 22. Nd2 c4 23. Ne4+ Ke5 24. Nc3 Rxd1+ 25. Rxd1 Nxa2 26. Nxa2 c3 27. Rc1 Nxa4 28. f3 Kd5 29. Kf2 Kc4 30. Ke2 Rd8 31. Rc2 Kb3 32. Rc1 Rd2+ 33. Ke1 Rxa2 34. Rb1+ Rb2 35. Rxb2+ cxb2 36. Kf2 b1=Q 37. Kg3 Nc3 38. b6 Qe1+ 39. Kg4 f5+ 40. Kg5 Qxe3+ 41. f4 Ne4+ 42. Kh6 Qxf4+ 43. Kg7 Qe5+ 44. Kh6 g5 45. Kh5 Qf6 46. g4 Qg6# 0-1

[Event "African Online-ch U20-Open 2021"]
[Site "Online"]
[Date "2021.02.01"]
[Round "1.5"]
[White "Borges Delgado, Gabriel Jose"]
[Black "Soojay, Jorah"]
[Result "1-0"]
[WhiteElo "2228"]
[BlackElo "1478"]
[PlyCount "71"]
[EventDate "2021.02.01"]
[EventType "swiss"]
[EventCountry "NET"]
[TimeControl "1500+10"]
[WhiteClock "0:18:45"]
[BlackClock "0:05:55"]

1. e4 d5 2. exd5 Nf6 3. Nf3 Nxd5 4. d4 Bg4 5. Bc4 c6 6. O-O e6 7. Re1 Be7 8. h3 Bh5 9. Nc3 O-O 10. Bb3 Na6 11. Ne4 h6 12. Ng3 Bg6 13. Ne5 Bh7 14. Qe2 Bf6 15. c3 Nac7 16. Qg4 Kh8 17. Nh5 Bf5 18. Qf3 Bxe5 19. Rxe5 Bg6 20. Ng3 Qf6 21. Qg4 Nb6 22. Bd2 Nd7 23. Re3 Nd5 24. Rf3 Qe7 25. Re1 Bh7 26. Bxd5 cxd5 27. Nh5 Bg6 28. Nf4 Bh7 29. Nxd5 Qd6 30. Nf4 Nf6 31. Qh4 Ne4 32. Bc1 g5 33. Qxh6 gxf4 34. Rxe4 {[%emt 0:00:07] Black offered a draw.} Rg8 35. Bxf4 Qd5 36. Be5+ {[%emt 0:00:09] #r} 1-0

[Event "African Online-ch U20-Open 2021"]
[Site "Online"]
[Date "2021.02.01"]
[Round "1.6"]
[White "Elayeb, Med Yessine"]
[Black "Junior, Domingos"]
[Result "0-1"]
[WhiteElo "1666"]
[BlackElo "1894"]
[PlyCount "110"]
[EventDate "2021.02.01"]
[EventType "swiss"]
[EventCountry "NET"]
[TimeControl "1500+10"]
[WhiteClock "0:00:11"]
[BlackClock "0:07:26"]

1. Nf3 Nf6 2. g3 g6 3. Bg2 Bg7 4. O-O O-O 5. d4 d6 6. c4 Nbd7 7. Nc3 c6 8. e4 e5 9. h3 Re8 10. Be3 exd4 11. Nxd4 Nc5 12. Qc2 a5 13. Rab1 Qe7 14. Rfe1 Nfxe4 15. Nxe4 Nxe4 16. Bxe4 Qxe4 17. Bd2 Qxe1+ 18. Rxe1 Rxe1+ 19. Bxe1 Bxd4 20. Qe4 Be5 21. f4 Bf5 22. Qe2 Bf6 23. g4 Be6 24. b3 a4 25. Qd3 axb3 26. axb3 Ra1 27. g5 Rxe1+ 28. Kf2 Bf5 29. Qd2 Rh1 30. Qxd6 Bc3 31. Qb8+ Kg7 32. Qxb7 Bd4+ 33. Ke2 Rh2+ 34. Kf3 Rxh3+ 35. Kg2 Re3 36. Qa6 Be4+ 37. Kf2 Rxb3+ 38. Ke2 Rb2+ 39. Kd1 Be3 40. Qa1 Bd4 41. Qa5 c5 42. Qd8 Bc3 43. Qe7 Bf3+ 44. Kc1 Bd4 45. Qd8 Rb4 46. Qe7 Rxc4+ 47. Kd2 Bg4 48. Kd3 Rc3+ 49. Kd2 Bf5 50. Qd8 Rd3+ 51. Ke2 c4 52. Qd6 c3 53. Qc6 Rd2+ 54. Ke1 Bg4 55. Qa6 Rd1# 0-1

[Event "African Online-ch U20-Open 2021"]
[Site "Online"]
[Date "2021.02.01"]
[Round "1.7"]
[White "Vasco Mateus, Felizardo Viageiro"]
[Black "Masaiti, Gideon"]
[Result "1-0"]
[ECO "C05"]
[WhiteElo "1862"]
[BlackElo "1442"]
[Annotator "NA"]
[PlyCount "149"]
[EventDate "2021.02.01"]
[EventType "swiss"]
[EventCountry "NET"]
[SourceTitle "playchess.com"]
[Source "ChessBase"]
[SourceQuality "1"]
[TimeControl "1500+10"]

1. e4 e6 2. d4 d5 3. Nd2 Nf6 4. e5 Nfd7 5. f4 Be7 6. Bd3 c5 7. c3 Nc6 8. Ne2 Qb6 9. Nf3 h6 10. O-O c4 11. Bc2 O-O 12. f5 Ncxe5 13. Nxe5 Nxe5 14. Kh1 Ng4 15. Nf4 exf5 16. Nxd5 Qd6 17. Nxe7+ Qxe7 18. Bf4 g5 19. Bd2 Qd6 20. g3 b5 21. Qf3 Qe7 22. Rae1 Qb7 23. Bxf5 Qxf3+ 24. Rxf3 Bxf5 25. Rxf5 Rfe8 26. h3 Rxe1+ 27. Bxe1 Re8 28. Bd2 Ne3 29. Rf2 Nd1 30. Rg2 Nxb2 31. Bxg5 hxg5 32. Rxb2 Re1+ 33. Kg2 a6 34. Rc2 Kg7 35. Kf3 Kf6 36. a4 bxa4 37. Ra2 Rc1 38. Ra3 Rd1 39. h4 Rd3+ 40. Kg4 gxh4 41. gxh4 Kg6 42. h5+ Kh6 43. Rxa4 Rxc3 44. Rxa6+ Kh7 45. Kf5 Rd3 46. Ke4 Rh3 47. Rc6 c3 48. d5 Kg7 49. h6+ Kf8 50. d6 Rxh6 51. Rc8+ Kg7 52. d7 Re6+ 53. Kd5 Re2 54. d8=Q Rd2+ 55. Ke4 Rxd8 56. Rxd8 c2 57. Rc8 Kg6 58. Rxc2 Kf6 59. Kf4 Kg6 60. Rc6+ Kg7 61. Kf5 Kh7 62. Kf6 Kg8 63. Rc8+ Kh7 64. Kxf7 Kh6 65. Rg8 Kh7 66. Rg1 Kh6 67. Rg2 Kh5 68. Kf6 Kh4 69. Kf5 Kh3 70. Rg8 Kh4 71. Rg7 Kh3 72. Kf4 Kh2 73. Kf3 Kh1 74. Kf2 Kh2 75. Rh7# 1-0

[Event "African Online-ch U20-Open 2021"]
[Site "Online"]
[Date "2021.02.01"]
[Round "1.8"]
[White "Wael, Mostafa"]
[Black "Mohamed Abderrahim, Taleb Mohamed"]
[Result "0-1"]
[WhiteElo "1492"]
[BlackElo "1799"]
[PlyCount "108"]
[EventDate "2021.02.01"]
[EventType "swiss"]
[EventCountry "NET"]
[TimeControl "1500+10"]
[WhiteClock "0:24:41"]
[BlackClock "0:22:25"]

1. d4 d5 2. c3 Nf6 3. Bf4 c6 4. e3 Bf5 5. h3 Nbd7 6. Nf3 g6 7. Be2 Bg7 8. O-O O-O 9. Nbd2 Qb6 10. Qb3 Qxb3 11. axb3 Ne4 12. Nxe4 Bxe4 13. b4 a6 14. Nd2 Bf5 15. Bf3 e5 16. dxe5 Bxe5 17. Bxe5 Nxe5 18. Be2 Rfe8 19. Nf3 Nxf3+ 20. Bxf3 Be4 21. Bxe4 dxe4 22. Rfd1 Rad8 23. Kf1 f5 24. Ke2 Kf7 25. Rxd8 Rxd8 26. Rd1 Rxd1 27. Kxd1 Ke6 28. c4 b5 29. b3 Ke5 30. Kd2 g5 31. g3 h5 32. Ke2 Kd6 33. Kd2 bxc4 34. bxc4 c5 35. Kc3 cxb4+ 36. Kxb4 Kc6 37. c5 Kd5 38. Ka5 Kxc5 39. Kxa6 Kc4 40. Kb6 Kd3 41. Kc5 Ke2 42. h4 gxh4 43. gxh4 Kxf2 44. Kd4 Kf3 45. Ke5 Kxe3 46. Kxf5 Kf3 47. Kg5 e3 48. Kxh5 e2 49. Kh6 e1=Q 50. h5 Qg3 51. Kh7 Kf4 52. h6 Kf5 53. Kh8 Kf6 54. h7 Qg7# 0-1

[Event "African Online-ch U20-Open 2021"]
[Site "Online"]
[Date "2021.02.01"]
[Round "1.9"]
[White "Filipe, Marcio"]
[Black "Sparg, Nathan"]
[Result "1-0"]
[WhiteElo "1990"]
[BlackElo "1413"]
[PlyCount "65"]
[EventDate "2021.02.01"]
[EventType "swiss"]
[EventCountry "NET"]
[TimeControl "1500+10"]
[WhiteClock "0:17:38"]
[BlackClock "0:03:07"]

1. e4 e6 2. d4 d5 3. e5 c5 4. c3 Nc6 5. Nf3 Qb6 6. Be2 cxd4 7. cxd4 Nh6 8. Nc3 Be7 9. O-O Nf5 10. Na4 Qc7 11. g4 Nh4 12. Nxh4 Bxh4 13. Be3 h6 14. f4 Ne7 15. Bd3 Bd7 16. Nc5 b6 17. Nxd7 Qxd7 18. Rc1 O-O 19. f5 exf5 20. gxf5 Rac8 21. Qh5 Rxc1 22. Bxc1 g5 23. fxg6 Nxg6 24. Bxg6 fxg6 25. Rxf8+ Kxf8 26. Qxh6+ Kf7 27. Qxh4 Qa4 28. b3 Qb4 29. Qf6+ Kg8 30. Qxg6+ Kh8 31. Qh5+ Kg8 32. Qg4+ Kh8 33. Bg5 {[%emt 0:00:09] #r} 1-0

[Event "African Online-ch U20-Open 2021"]
[Site "Online"]
[Date "2021.02.01"]
[Round "1.10"]
[White "Mcligeyo, Robert"]
[Black "Bidi, Abdeljalil"]
[Result "0-1"]
[WhiteElo "1688"]
[BlackElo "1750"]
[PlyCount "150"]
[EventDate "2021.02.01"]
[EventType "swiss"]
[EventCountry "NET"]
[TimeControl "1500+10"]
[WhiteClock "0:14:22"]
[BlackClock "0:25:51"]

1. e4 e5 2. Nf3 Nc6 3. Bb5 a6 4. Ba4 Nf6 5. O-O b5 6. Bb3 Be7 7. Re1 O-O 8. a4 Bb7 9. h3 d6 10. c3 Na5 11. Bc2 c5 12. d3 Re8 13. Nbd2 Bf8 14. Nf1 g6 15. Bg5 h6 16. Bh4 Bg7 17. Ne3 Qc7 18. Bxf6 Bxf6 19. Nd5 Bxd5 20. exd5 Nb7 21. Nd2 Bg7 22. Ne4 f5 23. Ng3 c4 24. axb5 axb5 25. dxc4 bxc4 26. Ba4 Reb8 27. Bc6 Rxa1 28. Qxa1 Nc5 29. Qa2 Nd3 30. Re2 Nc1 31. Qxc4 Nxe2+ 32. Qxe2 Qb6 33. b4 e4 34. Qd2 Kh7 35. Ne2 Be5 36. Nf4 Qa7 37. b5 Qa1+ 38. Kh2 g5 39. g3 gxf4 40. gxf4 Qxc3 41. Qe3 Qxe3 42. fxe3 Bc3 43. Kg3 Kg6 44. h4 Kf6 45. Kf2 Rg8 46. b6 Ba5 47. b7 Bc7 48. h5 Ke7 49. Ba4 Bb8 50. Bc6 Rg4 51. Ba4 Rh4 52. Bd1 Rh2+ 53. Kg3 Rh1 54. Be2 Kd7 55. Kg2 Rb1 56. Kg3 Kc7 57. Kf2 Rb2 58. Ke1 Kxb7 59. Bf1 Ba7 60. Bh3 Bxe3 61. Bxf5 Rb4 62. Ke2 Bxf4 63. Bg6 e3 64. Kf3 Kb6 65. Bd3 Kc5 66. Be2 Kxd5 67. Bf1 Ke5 68. Ke2 d5 69. Kd3 d4 70. Be2 Rb2 71. Bf3 Rd2+ 72. Kc4 e2 73. Bxe2 Rxe2 74. Kd3 Rd2+ 75. Kc4 Ke4 {[%emt 0:00:02] #R} 0-1

[Event "African Online-ch U20-Open 2021"]
[Site "Online"]
[Date "2021.02.01"]
[Round "1.11"]
[White "Celso, Andre Manjate"]
[Black "Masilo, Ofile"]
[Result "1-0"]
[ECO "B92"]
[WhiteElo "1721"]
[BlackElo "1355"]
[Annotator "NA"]
[PlyCount "53"]
[EventDate "2021.02.01"]
[EventType "swiss"]
[EventCountry "NET"]
[SourceTitle "playchess.com"]
[Source "ChessBase"]
[SourceQuality "1"]
[TimeControl "1500+10"]

1. e4 c5 2. Nf3 d6 3. d4 cxd4 4. Nxd4 Nf6 5. Nc3 a6 6. Be2 e5 7. Nf3 h6 8. O-O Be6 9. h3 Be7 10. Nh2 d5 11. exd5 Nxd5 12. Bd2 O-O 13. Bf3 Nc6 14. Re1 f5 15. Nxd5 Bxd5 16. Bxd5+ Qxd5 17. Bc3 Qc5 18. Qd7 b5 19. Qe6+ Kh8 20. Bxe5 Kh7 21. Nf3 Rae8 22. Qb3 Nxe5 23. Rxe5 Qa7 24. Rae1 Bc5 25. Rxe8 Bxf2+ 26. Kh1 Rf6 27. R1e7 1-0

[Event "African Online-ch U20-Open 2021"]
[Site "Online"]
[Date "2021.02.01"]
[Round "1.12"]
[White "Palmer, Reegan"]
[Black "Ben Abbes, Ayoub"]
[Result "1-0"]
[WhiteElo "1325"]
[BlackElo "1481"]
[PlyCount "34"]
[EventDate "2021.02.01"]
[EventType "swiss"]
[EventCountry "NET"]
[TimeControl "1500+10"]
[WhiteClock "0:20:50"]
[BlackClock "0:16:29"]

1. e4 e5 2. Nf3 Nc6 3. Bb5 d6 4. O-O Bd7 5. d4 exd4 6. Bxc6 bxc6 7. Nxd4 g6 8. Nc3 Bg7 9. Be3 Ne7 10. f4 a6 11. f5 Be5 12. Bg5 c5 13. Nf3 Bg7 14. f6 Bf8 15. fxe7 Bxe7 16. Bxe7 Qxe7 17. Nd5 Qd8 {[%emt 0:00:03] #r} 1-0

[Event "African Online-ch U20-Open 2021"]
[Site "Online"]
[Date "2021.02.01"]
[Round "1.13"]
[White "Beghriche, Rami Tadjeddine"]
[Black "Karania, Hardiv"]
[Result "1-0"]
[WhiteElo "1783"]
[BlackElo "1317"]
[PlyCount "49"]
[EventDate "2021.02.01"]
[EventType "swiss"]
[EventCountry "NET"]
[TimeControl "1500+10"]
[WhiteClock "0:25:31"]
[BlackClock "0:21:47"]

1. Nf3 d5 2. b3 c5 3. e3 a6 4. Bb2 f6 5. c4 e6 6. cxd5 exd5 7. Nc3 Be6 8. Rc1 Bd6 9. d4 c4 10. bxc4 dxc4 11. d5 Bf7 12. Bxc4 b5 13. Bb3 Ne7 14. O-O O-O 15. Nd4 Qd7 16. Ne6 Re8 17. Ne4 Ng6 18. Bxf6 Bxe6 19. dxe6 Qb7 20. Nxd6 Qb6 21. e7+ Kh8 22. Nf7+ Kg8 23. Qh5 Qxf6 24. Ng5+ Kh8 25. Qxh7# 1-0

[Event "African Online-ch U20-Open 2021"]
[Site "Online"]
[Date "2021.02.01"]
[Round "1.14"]
[White "Belattar, Mohamed Walid"]
[Black "Selogelo, Othata"]
[Result "0-1"]
[ECO "E62"]
[WhiteElo "1272"]
[BlackElo "1707"]
[Annotator "NA"]
[PlyCount "140"]
[EventDate "2021.02.01"]
[EventType "swiss"]
[EventCountry "NET"]
[SourceTitle "playchess.com"]
[Source "ChessBase"]
[SourceQuality "1"]
[TimeControl "1500+10"]

1. d4 Nf6 2. Nf3 g6 3. g3 Bg7 4. Bg2 O-O 5. c4 d6 6. O-O c6 7. Nc3 a6 8. a4 a5 9. Bd2 Qc7 10. Re1 e5 11. e3 h6 12. e4 Bg4 13. Be3 Na6 14. Qd2 Kh7 15. d5 Bd7 16. b3 Ng4 17. Rac1 Nxe3 18. Qxe3 Nc5 19. Rb1 Na6 20. Na2 c5 21. Nc3 f5 22. exf5 gxf5 23. Nh4 Nb4 24. Qd2 Rae8 25. Nb5 Qb8 26. Bh3 Rf6 27. f4 e4 28. Qe2 Nd3 29. Rf1 Ref8 30. Qh5 Be8 31. Qe2 Nb4 32. Nc3 R6f7 33. Qh5 Re7 34. Bxf5+ Rxf5 35. Qxf5+ Kg8 36. Nxe4 Bd7 37. Qg6 Be8 38. Nf6+ Kf8 39. Nxe8 Qxe8 40. Qxe8+ Rxe8 41. Rfe1 Bd4+ 42. Kg2 Nc2 43. Rxe8+ Kxe8 44. Rb2 Bxb2 45. Kf3 Nd4+ 46. Kg4 Nxb3 47. Nf5 Kd7 48. Nxh6 Nd2 49. h4 Nxc4 50. f5 Ne3+ 51. Kg5 Nxd5 52. h5 Bc1+ 53. Kg6 Bxh6 54. Kxh6 c4 55. Kg7 c3 56. h6 c2 57. h7 c1=Q 58. h8=Q Qg5+ 59. Kf7 Qxf5+ 60. Kg7 Qe5+ 61. Kh7 Qxh8+ 62. Kxh8 Ne7 63. g4 d5 64. g5 d4 65. Kh7 d3 66. Kh6 d2 67. g6 d1=Q 68. g7 Ke6 69. Kh7 Kf6 70. g8=Q Qh1# 0-1

[Event "African Online-ch U20-Open 2021"]
[Site "Online"]
[Date "2021.02.01"]
[Round "1.15"]
[White "Machinya, Desire"]
[Black "Potgieter, Edward"]
[Result "0-1"]
[ECO "C78"]
[WhiteElo "1698"]
[BlackElo "1229"]
[Annotator "NA"]
[PlyCount "184"]
[EventDate "2021.02.01"]
[EventType "swiss"]
[EventCountry "NET"]
[SourceTitle "playchess.com"]
[Source "ChessBase"]
[SourceQuality "1"]
[TimeControl "1500+10"]

1. e4 e5 2. Nf3 Nc6 3. Bb5 a6 4. Ba4 Nf6 5. O-O b5 6. Bb3 Bc5 7. Nxe5 Nxe5 8. d4 Bxd4 9. Qxd4 Nc6 10. Qd3 O-O 11. c3 Bb7 12. Nd2 Qe7 13. Re1 Rad8 14. Bc2 Ne5 15. Qe2 d6 16. h3 Rfe8 17. Nf1 h6 18. Ng3 Ng6 19. Nf5 Qd7 20. Qf3 Nh7 21. Bd2 d5 22. exd5 Bxd5 23. Qg3 Rxe1+ 24. Bxe1 Re8 25. Ne3 Be4 26. Bb3 Kf8 27. f3 Bb7 28. Rd1 Qe7 29. Bf2 Nf6 30. Nf5 Qe5 31. Qxe5 Nxe5 32. Bc5+ Kg8 33. Kf2 Bc8 34. Ne7+ Kh7 35. Nxc8 Rxc8 36. Be7 c5 37. Bxf6 gxf6 38. f4 Ng6 39. Bc2 Kg7 40. g3 Re8 41. Kf3 Re7 42. h4 Nf8 43. f5 Nd7 44. Rd6 Ne5+ 45. Kf4 Ra7 46. Bb3 a5 47. Rd5 Rb7 48. Ke4 c4 49. Bd1 Nd3 50. b3 Nf2+ 51. Ke3 Nxd1+ 52. Rxd1 cxb3 53. axb3 Rc7 54. Rd3 a4 55. bxa4 bxa4 56. Kd2 Kf8 57. Kc2 Rc4 58. Kb2 Ke7 59. Ka3 h5 60. Kb2 Ke8 61. Rf3 Kd7 62. Rd3+ Kc6 63. Rd8 Rc5 64. Rf8 Rxf5 65. Rxf7 Rf2+ 66. Ka3 Rf3 67. Kxa4 Rxc3 68. Rxf6+ Kd7 69. Rg6 Ke7 70. Kb4 Re3 71. Kc4 Kf7 72. Rg5 Kf6 73. Kd4 Ra3 74. Ke4 Rb3 75. Kf4 Rb4+ 76. Kf3 Rb3+ 77. Kg2 Rb2+ 78. Kh3 Rd2 79. Rxh5 Kg6 80. Rg5+ Kh6 81. Rf5 Kg6 82. Kg4 Rd3 83. h5+ Kg7 84. Kh4 Rb3 85. g4 Rb4 86. Kg5 Ra4 87. h6+ Kh7 88. Kh5 Ra1 89. Rf7+ Kg8 90. Rg7+ Kh8 91. g5 Rh1+ 92. Kg6 Rxh6+ 0-1

[Event "African Online-ch U20-Open 2021"]
[Site "Online"]
[Date "2021.02.01"]
[Round "1.16"]
[White "Darius Patlo Banda"]
[Black "Barrani, Adem"]
[Result "1-0"]
[WhiteElo "1369"]
[BlackElo "1396"]
[PlyCount "63"]
[EventDate "2021.02.01"]
[EventType "swiss"]
[EventCountry "NET"]
[TimeControl "1500+10"]
[WhiteClock "0:03:12"]
[BlackClock "0:01:33"]

1. d4 Nf6 2. c4 g6 3. Nc3 d5 4. cxd5 Nxd5 5. e4 Nxc3 6. bxc3 Bg7 7. Nf3 c5 8. Bb2 Bg4 9. Bb5+ Nc6 10. d5 Qa5 11. Qd3 O-O-O 12. O-O f5 13. h3 Bxf3 14. gxf3 Ne5 15. Qe2 Rhf8 16. Bd3 e6 17. Bc4 fxe4 18. fxe4 Nf3+ 19. Kg2 Qc7 20. Rh1 Qf4 21. Bc1 Qe5 22. dxe6 Qh5 23. e7 Nh4+ 24. Kg1 Rd1+ 25. Kh2 Rxf2+ 26. Qxf2 Be5+ 27. Bf4 Nf3+ 28. Kg2 Nh4+ 29. Qxh4 Qxh4 30. e8=Q+ Kc7 31. Bxe5+ Kb6 32. Qb5# 1-0

[Event "African Online-ch U20-Open 2021"]
[Site "Online"]
[Date "2021.02.01"]
[Round "1.17"]
[White "Van Der Merwe, Alexander"]
[Black "Meise, Keagen"]
[Result "1-0"]
[ECO "B34"]
[WhiteElo "1655"]
[BlackElo "1200"]
[Annotator "NA"]
[PlyCount "55"]
[EventDate "2021.02.01"]
[EventType "swiss"]
[EventCountry "NET"]
[SourceTitle "playchess.com"]
[Source "ChessBase"]
[SourceQuality "1"]
[TimeControl "1500+10"]

1. e4 c5 2. Nf3 Nc6 3. d4 cxd4 4. Nxd4 g6 5. Nc3 Bg7 6. Be3 Nf6 7. f3 Qb6 8. Nf5 Qxb2 9. Nxg7+ Kf8 10. Na4 Qa3 11. c3 Kxg7 12. Bc5 Qxc5 13. Nxc5 b6 14. Nb3 Rd8 15. Bb5 Bb7 16. O-O Rac8 17. Qe2 Ne5 18. f4 Nc6 19. Rad1 Nb8 20. e5 Ne4 21. Rc1 Nxc3 22. Qe3 Nxb5 23. Rxc8 Rxc8 24. f5 Nc3 25. f6+ exf6 26. exf6+ Kg8 27. Qh6 Ne2+ 28. Kf2 1-0

[Event "African Online-ch U20-Open 2021"]
[Site "Online"]
[Date "2021.02.01"]
[Round "1.19"]
[White "Fourie, Brandon"]
[Black "Spink, Benjamin M"]
[Result "1-0"]
[WhiteElo "1583"]
[BlackElo "2110"]
[PlyCount "91"]
[EventDate "2021.02.01"]
[EventType "swiss"]
[EventCountry "NET"]
[TimeControl "1500+10"]
[WhiteClock "0:05:15"]
[BlackClock "0:04:04"]

1. e4 c5 2. Nf3 Nc6 3. d4 cxd4 4. Nxd4 Nf6 5. Nc3 e5 6. Ndb5 d6 7. Bg5 a6 8. Na3 b5 9. Nd5 Be7 10. Bxf6 Bxf6 11. c3 Bg5 12. Nc2 Rb8 13. g3 O-O 14. h4 Bh6 15. Nce3 Bxe3 16. Nxe3 b4 17. Qa4 Qb6 18. Nd5 Qb7 19. Qxc6 bxc3 20. Qxb7 cxb2 21. Rb1 Bxb7 22. Rxb2 Bxd5 23. Rxb8 Rxb8 24. exd5 Rb1+ 25. Kd2 Rb2+ 26. Ke3 Rxa2 27. Bc4 Ra3+ 28. Ke2 Ra4 29. Rb1 f5 30. Kd3 Ra3+ 31. Bb3 a5 32. Kc4 a4 33. Bd1 Ra2 34. f3 Rg2 35. g4 fxg4 36. fxg4 h5 37. gxh5 Rh2 38. Ra1 Rxh4+ 39. Kb5 Rd4 40. Kc6 Kf8 41. Kxd6 e4 42. Bxa4 Rd2 43. Re1 Rd4 44. Bd7 Rc4 45. Be6 Ke8 46. Ra1 {[%emt 0:00:04] #r} 1-0

[Event "African Online-ch U20-Open 2021"]
[Site "Online"]
[Date "2021.02.01"]
[Round "1.20"]
[White "Tong, William M"]
[Black "Mohamed Aly, Karim"]
[Result "0-1"]
[WhiteElo "1985"]
[BlackElo "1585"]
[PlyCount "106"]
[EventDate "2021.02.01"]
[EventType "swiss"]
[EventCountry "NET"]
[TimeControl "1500+10"]
[WhiteClock "0:00:30"]
[BlackClock "0:18:22"]

1. e4 c5 2. Nf3 e6 3. d4 cxd4 4. Nxd4 a6 5. Nc3 Qc7 6. Bd3 Nf6 7. O-O Bc5 8. Nb3 Ba7 9. Qf3 Nc6 10. Bf4 d6 11. Be3 Ne5 12. Qe2 Bxe3 13. Qxe3 O-O 14. h3 b5 15. a3 Bb7 16. f4 Ng6 17. Kh1 Rac8 18. Rae1 Rfd8 19. Qf2 Re8 20. Qe3 Red8 21. e5 Nd5 22. Nxd5 Bxd5 23. Qg3 Qe7 24. f5 Qh4 25. Qxh4 Nxh4 26. Be4 Bxe4 27. Rxe4 Nxf5 28. c3 Ng3+ 29. Kg1 Nxe4 30. exd6 Rxd6 31. Re1 Nd2 32. Nd4 Nc4 33. Re2 Nxb2 34. Rxb2 Rxc3 35. Nb3 Rdd3 36. Na5 Rxa3 37. Rc2 Rdc3 38. Rd2 g6 39. Nb7 b4 40. Kh2 b3 41. Kg1 Rc1+ 42. Kh2 Ra2 43. Rd3 b2 44. Rd8+ Kg7 45. Nd6 b1=Q 46. Ne8+ Kf8 47. Nf6+ Ke7 48. Rd7+ Kxf6 49. Rd4 Rh1+ 50. Kg3 Qe1+ 51. Kg4 h5+ 52. Kf4 g5+ 53. Kf3 Rf1# 0-1

[Event "African Online-ch U20-Open 2021"]
[Site "Online"]
[Date "2021.02.01"]
[Round "1.22"]
[White "Lion, Pierre"]
[Black "Pungo, Honorato"]
[Result "1-0"]
[WhiteElo "1586"]
[BlackElo "1550"]
[PlyCount "57"]
[EventDate "2021.02.01"]
[EventType "swiss"]
[EventCountry "NET"]
[TimeControl "1500+10"]
[WhiteClock "0:14:03"]
[BlackClock "0:01:18"]

1. e4 c5 2. Nf3 Nc6 3. d4 cxd4 4. Nxd4 g6 5. Nc3 Bg7 6. Be3 d6 7. Qd2 h5 8. Bc4 Nf6 9. f3 Bd7 10. Bb3 a6 11. O-O-O b5 12. Kb1 Rc8 13. h4 Ne5 14. Bg5 Nc4 15. Qe2 e5 16. Nd5 O-O 17. g4 exd4 18. gxh5 Be6 19. Nxf6+ Bxf6 20. hxg6 fxg6 21. Rdg1 Kg7 22. f4 Bxg5 23. hxg5 Rh8 24. Qf2 Rxh1 25. Qxd4+ Kf7 26. Rxh1 Nd2+ 27. Qxd2 Bxb3 28. axb3 Ke6 29. Qd5+ {[%emt 0:00:04] #r} 1-0

[Event "African Online-ch U20-Open 2021"]
[Site "Online"]
[Date "2021.02.01"]
[Round "2.6"]
[White "Junior, Domingos"]
[Black "Dutt Dakshesh"]
[Result "1-0"]
[ECO "C56"]
[WhiteElo "1894"]
[BlackElo "1549"]
[Annotator "NA RC"]
[PlyCount "77"]
[EventDate "2021.02.01"]
[EventType "swiss"]
[EventCountry "NET"]
[SourceTitle "playchess.com"]
[Source "ChessBase"]
[SourceQuality "1"]
[TimeControl "1500+10"]

1. e4 e5 2. Nf3 Nc6 3. Bc4 Bc5 4. O-O Nf6 5. d4 exd4 6. e5 d5 7. exf6 dxc4 8. Re1+ Be6 9. fxg7 Rg8 10. Bg5 Qd6 11. Nbd2 Kd7 12. Ne4 Rxg7 13. Nxd6 cxd6 14. Bf6 Rg6 15. Bxd4 Rag8 16. Bxc5 Rxg2+ 17. Kh1 d5 18. Rg1 Rxg1+ 19. Qxg1 Rxg1+ 20. Rxg1 b6 21. Bd4 h5 22. Ne5+ Nxe5 23. Bxe5 Bg4 24. Rxg4 hxg4 25. Kg2 f5 26. f3 gxf3+ 27. Kxf3 Ke6 28. Kf4 b5 29. h4 a5 30. h5 Kf7 31. Kxf5 b4 32. h6 Kg8 33. Kg6 c3 34. h7+ Kf8 35. h8=Q+ Ke7 36. Qf6+ Kd7 37. Qd6+ Ke8 38. Kf6 b3 39. Qe7# 1-0